 Dungeon Crawl Stone Soup version 0.26-a0-818-g75db068ed4 (webtiles) character file.

Game seed: 14428197934195561178

374 dickylongcocking the Bolt Thrower (level 7, -3/51 HPs)
             Began as a Formicid Arcane Marksman on Nov 13, 2020.
             Slain by an ice beast (7 damage)
             ... on level 4 of the Dungeon on Nov 14, 2020.
             The game lasted 00:06:16 (4158 turns).

dickylongcocking the Bolt Thrower (FoAM)            Turns: 4158, Time: 00:06:16

Health: -3/51      AC:  5    Str: 15    XL:     7   Next: 3%
Magic:  5/8        EV: 12    Int: 14    God:
Gold:   144        SH:  5    Dex:  7    Spells: 7/8 levels left

rFire    . . .     SeeInvis +   a - +1 hand crossbow
rCold    . . .     Faith    .   (no shield)
rNeg     . . .     Spirit   .   g - +0 leather armour
rPois    .         Reflect  +   (helmet unavailable)
rElec    .         Harm     .   c - +0 cloak
rCorr    .         Rampage  .   (no gloves)
MR       .....                  n - +0 pair of boots
Stlth    +.........             f - amulet of reflection
HPRegen  0.17/turn              m - -4 ring of dexterity (curse)
MPRegen  0.11/turn              (no ring)

@: no status effects
A: permanent stasis, dig shafts and tunnels, four strong arms, antennae 3
a: Dig, Shaft Self


You were on level 4 of the Dungeon.
You visited 1 branch of the dungeon, and saw 4 of its levels.

You collected 144 gold pieces.

Inventory:

Hand Weapons
 a - a +1 hand crossbow (weapon)
 b - a +0 whip
 h - a +0 spear
Missiles
 d - 27 bolts (quivered)
Armour
 c - a +0 cloak (worn)
 e - a +0 robe
 g - a +0 leather armour (worn)
 j - a scarf of repulsion
 n - a +0 pair of boots (worn)
Jewellery
 f - an amulet of reflection (around neck)
 m - a cursed -4 ring of dexterity (left hand)
Wands
 l - a wand of paralysis (11)
Scrolls
 k - a scroll of enchant armour {unknown}
 o - a scroll of magic mapping
 q - a scroll of blinking {unknown}
Potions
 i - 2 potions of attraction


   Skills:
 + Level 2.5 Fighting
 + Level 0.5 Maces & Flails
 + Level 5.3 Crossbows
 + Level 2.1 Armour
 + Level 2.5 Dodging
 + Level 0.3 Stealth
 + Level 1.1 Spellcasting
 + Level 4.1 Hexes


You had 7 spell levels left.
You knew the following spells:

 Your Spells              Type           Power        Failure   Level
a - Corona                Hex            ##.....      6%          1

Your spell library contained the following spells:

 Spells                   Type           Power        Failure   Level
 Slow                     Hex            ##......     9%          2
 Inner Flame              Hex/Fire       #.......     38%         3
 Portal Projectile        Hex/Tloc       #.....       38%         3
 Cause Fear               Hex            ##........   50%         4
 Leda's Liquefaction      Hex/Erth       #.........   80%         4


Dungeon Overview and Level Annotations

Branches:
Dungeon (4/15)
 Temple: D:4-7

Altars:
Qazlal


Innate Abilities, Weirdness & Mutations

You cannot be hasted, slowed, berserked, paralysed or teleported.
You can dig through walls and to a lower floor.
Your four strong arms can wield two-handed weapons with a shield.
You have a pair of large antennae on your head. (SInv)


Message History

Unknown command.
Okay, then.
Firing (i - inventory)
d - 29 bolts (quivered)
Press: ? - help, Shift-Dir - straight line, f/p - ice beast
Aim: an ice beast (heavily wounded, softly glowing)
You shoot a bolt. The bolt hits the ice beast.
The ice beast is severely wounded.
You block the ice beast's attack.
Unknown command.
Unknown command.
Firing (i - inventory)
d - 28 bolts (quivered)
Press: ? - help, Shift-Dir - straight line, f/p - ice beast
Aim: an ice beast (severely wounded, softly glowing)
You shoot a bolt.
The bolt hits the ice beast but does no damage.
The ice beast is severely wounded.
The ice beast hits you.
* * * LOW HITPOINT WARNING * * *
The ice beast freezes you!
You die...

########..#
......).).# .#
########.## .# #.#
{### #.# ... #.#
..# #.# ..#
#.##########.####.#
#.†......@Y.....(..
###################


You could see an ice beast (corona).

Vanquished Creatures
  An ogre (D:2)
  A bullfrog (D:4)
  2 orc priests
  2 orc wizards
  2 adders (D:2)
  An ooze (D:2)
  3 worms
  3 dart slugs
  2 leopard geckos
  7 orcs
  2 ball pythons
  4 giant cockroaches
  10 goblins
  4 hobgoblins (D:2)
  3 jackals (D:1)
  8 kobolds
  8 bats
  6 frilled lizards
  7 rats
76 creatures vanquished.

Notes
Turn   | Place    | Note
-------+----------+-------------------------------------------
     0 | D:1      | dickylongcocking the Formicid Arcane Marksman began the
                  | quest for the Orb.
     0 | D:1      | Reached XP level 1. HP: 15/15 MP: 2/2
   162 | D:1      | Reached XP level 2. HP: 21/21 MP: 3/3
   525 | D:1      | Upgraded the game from 0.26-a0-812-g31a745ddcd to
                  | 0.26-a0-818-g75db068ed4
   616 | D:1      | Reached XP level 3. HP: 23/26 MP: 4/4
  1803 | D:2      | Reached XP level 4. HP: 28/33 MP: 5/5
  1991 | D:2      | Reached skill level 3 in Crossbows
  2551 | D:2      | Noticed an ogre
  2558 | D:2      | Killed an ogre
  2559 | D:2      | Reached skill level 1 in Armour
  2559 | D:2      | Reached XP level 5. HP: 30/38 MP: 4/6
  2653 | D:2      | Found a stormy altar of Qazlal.
  2700 | D:2      | Reached skill level 4 in Crossbows
  2955 | D:3      | Found a stormy altar of Qazlal.
  3183 | D:3      | Reached XP level 6. HP: 16/45 MP: 5/7
  3822 | D:4      | Reached skill level 5 in Crossbows
  3945 | D:4      | Reached XP level 7. HP: 28/51 MP: 8/8
  4158 | D:4      | Slain by an ice beast

Illustrated notes

Levels and vault maps discovered:
D:1:      dpeg_arrival_tiny_c, layout_basic, moated_statue, minivault_27
D:2:      layout_basic, hangedman_decor_growths,
          nicolae_qazlal_general_emergency
D:3:      layout_loops_ring, lemuel_doored_altar
D:4:      layout_loops_ring

Skill      XL: |  1  2  3  4  5  6 |
---------------+-------------------+-----
Dodging        | 2 |  2.5
Hexes          | 4 |  4.1
Crossbows      | 3 4 5 |  5.3
Fighting       | 2 |  2.5
Armour         | 1 2 |  2.1
Maces & Flails | |  0.5
Stealth        | |  0.3
Spellcasting   | |  1.1

Action                   |  1- 3 |  4- 6 |  7- 9 || total
-------------------------+-------+-------+-------++-------
Melee: Spear             |     3 |       |       ||     3
       Whip              |    36 |    26 |       ||    62
 Fire: Hand crossbow     |    80 |   140 |    18 ||   238
 Cast: Corona            |       |     7 |     4 ||    11
  Use: Scroll            |     4 |     2 |       ||     6
       Potion            |     2 |     5 |       ||     7
Armor: Robe              |    15 |       |       ||    15
       Skin              |    12 |       |       ||    12
       Leather armour    |     2 |    28 |     7 ||    37
Dodge: Dodged            |    65 |    52 |    10 ||   127
Block: Other             |    16 |    25 |     5 ||    46

Table legend: (Time is in decaauts)
 A = Elapsed time spent in this place.
 B = Non-inter-level travel time spent in this place.
 C = Inter-level travel time spent in this place.
 D = Time resting spent in this place.
 E = Time spent auto-exploring this place.
 F = Levels seen in this place.
 G = Mean time per level.
                   A        B        C        D        E       F      G
               +--------+--------+--------+--------+--------+-----+--------+
         Total |   4236 |   4104 |    132 |    203 |   3115 |   4 | 1059.0 |
       Dungeon |   4236 |   4104 |    132 |    203 |   3115 |   4 | 1059.0 |
               +--------+--------+--------+--------+--------+-----+--------+

Top non-repeatable levels by time:
     D:2: 1870 daAuts
     D:1: 1043 daAuts
     D:3: 953 daAuts
     D:4: 369 daAuts
